 Dungeon Crawl Stone Soup version 0.29.0-4-gdea44cf6ec (webtiles) character file.

Game seed: 1271645415289793620

56 qw the Chopper (level 3, 0/21 HPs)
             Began as a Tengu Warper on Aug 28, 2022.
             Slain by a goblin
             ... wielding a +0 club
             ... led by Robin
              (2 damage)
             ... on level 2 of the Dungeon.
             The game lasted 00:00:09 (1290 turns).

qw the Chopper (Tengu Warper)                       Turns: 1290, Time: 00:00:09

Health: 0/21       AC:  6    Str: 13    XL:     3   Next: 97%
Magic:  7/7        EV:  9    Int: 13    God:
Gold:   59         SH:  0    Dex: 13    Spells: 6/6 levels left

rFire   . . .      SeeInvis .   Y - +0 hand axe
rCold   . . .      Faith    .   (no shield)
rNeg    . . .      Spirit   .   i - +0 scale mail
rPois   .          Reflect  .   (helmet restricted)
rElec   .          Harm     .   (no cloak)
rCorr   .          Rampage  .   (no gloves)
Will    .....                   (boots unavailable)
Stlth   ..........              (no amulet)
HPRegen 0.07/turn               (no ring)
MPRegen 0.10/turn               (no ring)

@: no status effects
A: beak, talons 3
a: no special abilities


You were on level 2 of the Dungeon.
You visited 1 branch of the dungeon, and saw 2 of its levels.

You collected 59 gold pieces.


Innate Abilities, Weirdness & Mutations

You have a beak for a mouth.
You have claws for feet.


   Skills:
 - Level 2.0 Fighting
 + Level 4.5 Axes
 - Level 1.0 Throwing
 - Level 1.1 Armour
 - Level 2.1 Dodging
 - Level 2.0 Spellcasting
 - Level 2.4 Translocations


You had 6 spell levels left.
You didn't know any spells.
Your spell library contained the following spells:

 Spells                   Type           Power      Damage    Failure   Level
 Blink                    Tloc           14%        N/A       56%         2
 Gell's Gravitas          Tloc           7%         N/A       80%         3
 Lesser Beckoning         Tloc           7%         N/A       80%         3
 Teleport Other           Tloc           7%         N/A       80%         3
 Manifold Assault         Tloc           7%         N/A       100%        5

Inventory:

Hand Weapons
 d - a +0 club
 Y - a +0 hand axe (weapon)
Armour
 i - a +0 scale mail (worn)
Jewellery
 a - a ring of protection from cold
Scrolls
 b - a scroll of amnesia {unknown}
Potions
 h - a potion of curing {unknown}
 k - a potion of haste

Dungeon Overview and Level Annotations

Branches:
Dungeon (2/15)

Altars:
Fedhas

Annotations:
D:2 Robin


Message History

You barely miss the ball python. You barely miss the goblin.
Robin throws the goblin at you! The goblin hits you but does no damage.
The ball python barely misses you. The ball python grabs you.
The ball python constricts you.
You closely miss the ball python.
You claw the ball python, but do no damage.
You closely miss the goblin. You closely miss Robin.
Robin hits you but does no damage. The ball python bites you.
The ball python constricts you. The goblin hits you with a +0 club.
You closely miss the ball python. You peck the ball python.
You kill the ball python!
You hit Robin but do no damage. You barely miss the goblin.
Robin hits you with a +0 club. The goblin hits you but does no damage.
You hit Robin. Your kick misses Robin.
Robin is heavily wounded.
You barely miss the goblin. Robin hits you with a +0 club.
The goblin completely misses you.
You closely miss Robin. You peck Robin.
Robin is heavily wounded.
You barely miss the goblin. Robin hits you but does no damage.
The goblin barely misses you.
You barely miss Robin. Your peck misses Robin.
Robin is heavily wounded.
You completely miss the goblin. Robin hits you with a +0 club.
The goblin closely misses you. The goblin misses you. Robin barely misses you.
You closely miss Robin. Your kick misses Robin.
Robin is heavily wounded.
You hit the goblin but do no damage. Robin hits you but does no damage.
The goblin hits you with a +0 club.
You hit Robin but do no damage. You claw Robin. Your peck misses Robin.
You punch Robin, but do no damage.
Robin is almost dead.
You closely miss the goblin. Robin barely misses you.
The goblin closely misses you.
You hit Robin but do no damage.
Robin is almost dead.
You hit the goblin. The goblin hits you with a +0 club.
You die...

#.....#.....#..#
#..................
#.....#<######.....
#....)..# .....
##>...)##### .....
#.....%)...# ......
#...#.......###......
#.# #........g...###
. #........@.....#
#....(....g......
#.......#..._...#
#.......##......#
######### ......#
..##... ... ... .#.#
##


You could see Robin and a goblin (strong).

Vanquished Creatures
  A dart slug (D:1)
  4 bats (D:1)
  3 endoplasms (D:1)
  2 giant cockroaches (D:1)
  12 goblins
  6 hobgoblins
  4 jackals (D:1)
  A quokka (D:1)
  4 ball pythons
  3 frilled lizards (D:1)
  2 kobolds (D:1)
  7 rats (D:1)
49 creatures vanquished.

Notes
Turn   | Place    | Note
-------+----------+-------------------------------------------
     0 | D:1      | qw the Tengu Warper began the quest for the Orb.
     0 | D:1      | Reached XP level 1. HP: 12/12 MP: 4/4
     0 | D:1      | 0 ||| qw: Version: 0.1-a-89-g26bdef1
     0 | D:1      | 0 ||| qw: Game counter: 1692
     0 | D:1      | 0 ||| qw: Always use a shield: true
     0 | D:1      | 0 ||| qw: God list: Okawaru
     0 | D:1      | 0 ||| qw: Allow faded altars: false
     0 | D:1      | 0 ||| qw: Do Orc after D:15 true
     0 | D:1      | 0 ||| qw: Do second Lair branch before Depths: true
     0 | D:1      | 0 ||| qw: Lair rune preference: random
     0 | D:1      | 0 ||| qw: Plans: Normal
     0 | D:1      | 0 ||| PLANNING D:1-11
    37 | D:1      | 37 ||| Stepping ~*~*~tactically~*~*~ (stealth).
    39 | D:1      | 39 ||| Stepping ~*~*~tactically~*~*~ (stealth).
    51 | D:1      | Reached XP level 2. HP: 7/17 MP: 6/6
    52 | D:1      | Reached skill level 3 in Axes
   554 | D:1      | Found a faded altar of an unknown god.
   640 | D:1      | Reached XP level 3. HP: 21/21 MP: 7/7
   816 | D:1      | Reached skill level 4 in Axes
  1122 | D:1      | 1122 ||| UPGRADING to +0 scale mail.
  1132 | D:1      | 1132 ||| DROPPING +0 leather armour.
  1133 | D:1      | 1133 ||| READING scroll labelled YMOMOI NOWY.
  1134 | D:1      | 1134 ||| READING scroll labelled QOQISI BAMM.
  1135 | D:1      | 1135 ||| READING scroll labelled JUSTATIMAGH.
  1136 | D:1      | 1136 ||| DRINKING 2 golden potions.
  1137 | D:1      | 1137 ||| DRINKING 2 white potions.
  1138 | D:1      | 1138 ||| DROPPING scroll of blinking.
  1139 | D:1      | 1139 ||| DROPPING potion of attraction.
  1188 | D:2      | 1188 ||| Stepping ~*~*~tactically~*~*~ (stealth).
  1193 | D:2      | 1193 ||| Stepping ~*~*~tactically~*~*~ (stealth).
  1196 | D:2      | 1196 ||| Stepping ~*~*~tactically~*~*~ (stealth).
  1250 | D:2      | 1250 ||| Stepping ~*~*~tactically~*~*~ (stealth).
  1251 | D:2      | Noticed Robin
  1252 | D:2      | 1252 ||| Stepping ~*~*~tactically~*~*~ (stealth).
  1254 | D:2      | 1254 ||| Stepping ~*~*~tactically~*~*~ (stealth).
  1257 | D:2      | 1257 ||| Stepping ~*~*~tactically~*~*~ (stealth).
  1263 | D:2      | 1263 ||| Stepping ~*~*~tactically~*~*~ (stealth).
  1273 | D:2      | Found a blossoming altar of Fedhas.
  1287 | D:2      | HP: 4/21 [Robin/+0 club (2)]
  1288 | D:2      | HP: 1/21 [goblin/+0 club[Robin] (3)]
  1290 | D:2      | Slain by a goblin

Levels and vault maps discovered:
D:1:      dpeg_arrival_ternary, layout_loops_cross,
          dreamdust_ecumenical_altar_hidden_monk_grotto
D:2:      layout_rooms, basic_altar, uniq_robin

Skill      XL: |  1  2  3 |
---------------+----------+-----
Axes           | 3 4 |  4.5
Fighting       | |  2.0
Throwing       | |  1.0
Armour         | |  1.1
Dodging        | |  2.1
Spellcasting   | |  2.0
Translocations | |  2.4

Action                   || total
-------------------------++-------
Melee: Hand axe          ||   104
       Peck              ||    19
       Kick              ||    16
       Punch             ||     1
Throw: Boomerang         ||     7
  Use: Scroll            ||     3
       Potion            ||     2
Armor: Leather armour    ||    30
       Scale mail        ||    12
Dodge: Dodged            ||    55

Table legend:
 A = Non-vault XP
 B = Vault XP
 C = Vault XP percentage of total XP
 D = Non-vault monster count
 E = Vault monster count
 F = Vault count percentage of total count
                 A         B        C        D         E       F
            +---------+---------+-------+---------+---------+-------
      Total |      60 |      21 |  25.9 |      38 |      11 |  22.4
            +---------+---------+-------+---------+---------+-------
        D:1 |      54 |       0 |   0.0 |      34 |       0 |   0.0
        D:2 |       6 |      21 |  77.8 |       4 |      11 |  73.3
            +---------+---------+-------+---------+---------+-------
